 Dungeon Crawl Stone Soup version 0.26-a0-682-g294304f6e8 (webtiles) character file.

Game seed: 4197124940215394360

64 somkeydreadnuts the Firebug (level 3, -4/19 HPs)
             Began as a Deep Elf Fire Elementalist on Oct 20, 2020.
             Slain by a bullfrog skeleton (5 damage)
             ... on level 2 of the Dungeon.
             The game lasted 00:05:09 (1572 turns).

somkeydreadnuts the Firebug (DEFE)                  Turns: 1572, Time: 00:05:09

Health: -4/19      AC:  5    Str:  5    XL:     3   Next: 91%
Magic:  3/10       EV: 13    Int: 20    God:
Gold:   17         SH:  0    Dex: 15    Spells: 8/9 levels left

rFire    . . .     SeeInvis .   e - +0 short sword
rCold    . . .     Faith    .   (no shield)
rNeg     . . .     Spirit   .   a - +0 robe
rPois    .         Reflect  .   (no helmet)
rElec    .         Harm     .   f - +2 cloak {Stlth+}
rCorr    .         Rampage  .   (no gloves)
MR       .....                  (no boots)
Stlth    ++........             (no amulet)
HPRegen  0.06/turn              (no ring)
MPRegen  0.12/turn              (no ring)

@: no status effects
A: no striking features
a: no special abilities


You were on level 2 of the Dungeon.
You visited 1 branch of the dungeon, and saw 2 of its levels.

You collected 17 gold pieces.

Inventory:

Hand Weapons
 e - a +0 short sword (weapon)
Armour
 a - a +0 robe (worn)
 f - a +2 cloak of stealth (worn)
Scrolls
 d - a scroll of teleportation {unknown}
 g - a scroll of enchant armour {unknown}
 h - a scroll of identify {unknown}
Potions
 b - a potion of lignification {unknown}
 c - a potion of magic {unknown}


   Skills:
 + Level 2.6 Dodging
 + Level 3.4 Stealth
 + Level 3.6 Spellcasting
 + Level 1.5 Conjurations
 + Level 4.2 Fire Magic


You had 8 spell levels left.
You knew the following spells:

 Your Spells              Type           Power        Failure   Level
a - Foxfire               Conj/Fire      ###.         4%          1

Your spell library contained the following spells:

 Spells                   Type           Power        Failure   Level
 Conjure Flame            Conj/Fire      ###.....     12%         3
 Inner Flame              Hex/Fire       ##......     17%         3
 Sticky Flame             Conj/Fire      ###.....     36%         4
 Fireball                 Conj/Fire      ###.......   73%         5


Dungeon Overview and Level Annotations

Branches:
Dungeon (2/15)

Altars:


Message History

Unknown command.
Unknown command.
Casting: Foxfire (safe; 4% risk of failure)
Confirm with . or Enter, or press ? or * to list all spells.
You conjure some foxfire!
The foxfire hits the ice beast.
The ice beast melts!
The ice beast is moderately wounded.
Casting: Foxfire (safe; 4% risk of failure)
Confirm with . or Enter, or press ? or * to list all spells.
Nothing appears to happen.
The foxfire hits the ice beast.
The ice beast melts!
The ice beast is heavily wounded.
The foxfire hits the bullfrog skeleton.
The bullfrog skeleton is severely damaged.
The foxfire hits the ice beast.
The ice beast melts!
The ice beast is severely wounded.
The bullfrog skeleton misses you.
The ice beast hits you but does no damage.
Casting: Foxfire (safe; 4% risk of failure)
Confirm with . or Enter, or press ? or * to list all spells.
You conjure some foxfire!
The bullfrog skeleton hits you.
You die...

........# #.#.#......
...#.##.###+##.#.#..<..#
#.#...............
#.#......#.#......
#.#......#........
#......#.#####..#.
#...##.#..........
#YZ.'..........#..
#@v.##.#......##..
#§v..#.####.......
#............###.#
......#.###...#....
#####.#.# #...#.##.
#.#.# #.(...... .#.#
#...#.### #.# #####.###
.....#.# #........


You could see an ice beast and a bullfrog skeleton.

Vanquished Creatures
  4 gnolls (D:2)
  A leopard gecko (D:1)
  2 goblins
  5 hobgoblins
  3 jackals (D:1)
  A ball python (D:2)
  2 bats
  5 kobolds
  A rat (D:1)
24 creatures vanquished.

Vanquished Creatures (others)
  73 foxfires
  2 plants (D:2)
  4 toadstools (D:1)
79 creatures vanquished.

Grand Total: 103 creatures vanquished

Notes
Turn   | Place    | Note
-------+----------+-------------------------------------------
     0 | D:1      | somkeydreadnuts the Deep Elf Fire Elementalist began the
                  | quest for the Orb.
     0 | D:1      | Reached XP level 1. HP: 10/10 MP: 6/6
   237 | D:1      | Reached XP level 2. HP: 4/15 MP: 1/8
  1171 | D:2      | Reached skill level 4 in Fire Magic
  1173 | D:2      | Reached XP level 3. HP: 19/19 MP: 1/9
  1554 | D:2      | Noticed an ice beast
  1572 | D:2      | Slain by a bullfrog skeleton

Illustrated notes

Levels and vault maps discovered:
D:1:      ldierk_water_garden, layout_loops_ring
D:2:      layout_basic, corexii_shack, minmay_vboxes

Skill      XL: |  1  2  3 |
---------------+----------+-----
Fire Magic     | 4 |  4.2
Stealth        | 3 |  3.4
Dodging        | |  2.6
Spellcasting   | |  3.6
Conjurations   | |  1.5

Action                   || total
-------------------------++-------
Melee: Unarmed           ||     3
       Short sword       ||     6
 Cast: Foxfire           ||    50
Armor: Robe              ||     5
Dodge: Dodged            ||    25

Table legend: (Time is in decaauts)
 A = Elapsed time spent in this place.
 B = Non-inter-level travel time spent in this place.
 C = Inter-level travel time spent in this place.
 D = Time resting spent in this place.
 E = Time spent auto-exploring this place.
 F = Levels seen in this place.
 G = Mean time per level.
                   A        B        C        D        E       F      G
               +--------+--------+--------+--------+--------+-----+--------+
         Total |   1576 |   1576 |      0 |      0 |   1228 |   2 |  788.0 |
       Dungeon |   1576 |   1576 |      0 |      0 |   1228 |   2 |  788.0 |
               +--------+--------+--------+--------+--------+-----+--------+

Top non-repeatable levels by time:
     D:1: 1160 daAuts
     D:2: 416 daAuts
